[Event "EDAMI"]
[Site "Internet Chess Club"]
[Date "2020.03.21"]
[Round "3"]
[White "memory"]
[Black "AlbertFernandez"]
[Result "0-1"]
[ICCResult "White resigns"]
[WhiteElo "1338"]
[BlackElo "1563"]
[Opening "Sicilian: Scheveningen, Vitolin's variation"]
[ECO "B80"]
[NIC "SI.19"]
[Time "13:41:48"]
[TimeControl "300+3"]

1. e4 c5 2. Nf3 e6 3. d4 cxd4 4. Nxd4 Nf6 5. Nc3 d6 6. Bb5+ Nbd7 7. Bxd7+
Bxd7 8. O-O Be7 9. Re1 O-O 10. Bg5 h6 11. Bh4 a6 {White resigns} 0-1

[Event "EDAMI"]
[Site "Internet Chess Club"]
[Date "2020.03.21"]
[Round "3"]
[White "GGEstruch"]
[Black "Josep2012"]
[Result "0-1"]
[ICCResult "White checkmated"]
[WhiteElo "1168"]
[BlackElo "1325"]
[Opening "KP: Patzer opening"]
[ECO "C20"]
[NIC "KP.10"]
[Time "13:40:02"]
[TimeControl "300+3"]

1. e4 e5 2. Qh5 Nf6 3. Qxe5+ Be7 4. d3 Nc6 5. Qf4 O-O 6. Be2 Bc5 7. Nh3 d6
8. O-O Bxh3 9. gxh3 Qc8 10. Bg4 Qd8 11. Qg5 h6 12. Qh4 Nxg4 13. hxg4 Qxh4
14. Nc3 d5 15. exd5 Bd6 16. dxc6 Qxh2# {White checkmated} 0-1

[Event "EDAMI"]
[Site "Internet Chess Club"]
[Date "2020.03.21"]
[Round "3"]
[White "Marc12"]
[Black "Eodun2"]
[Result "1-0"]
[ICCResult "Black checkmated"]
[WhiteElo "1356"]
[BlackElo "1224"]
[Opening "King's pawn opening"]
[ECO "B00"]
[NIC "VO.17"]
[Time "13:39:55"]
[TimeControl "300+3"]

1. e4 b5 2. Bxb5 a5 3. Bc4 Nc6 4. Qf3 d5 5. exd5 Nb4 6. Na3 e5 7. dxe6 fxe6
8. Qxa8 Bc5 9. Qxa5 Nc6 10. Qxc5 Nb8 11. Bb5+ Kf7 12. Qh5+ Kf8 13. Bc4 h6
14. f4 Nc6 15. f5 exf5 16. Qf7# {Black checkmated} 1-0

[Event "EDAMI"]
[Site "Internet Chess Club"]
[Date "2020.03.21"]
[Round "3"]
[White "leochicano"]
[Black "Poleras123"]
[Result "0-1"]
[ICCResult "White checkmated"]
[WhiteElo "1105"]
[BlackElo "1352"]
[Opening "Réti opening"]
[ECO "A05"]
[NIC "QP.11"]
[Time "13:39:54"]
[TimeControl "300+3"]

1. Nf3 Nf6 2. c3 d6 3. Qb3 Nc6 4. Ng5 Nh5 5. g3 Be6 6. Bh3 Bxb3 7. axb3 e6
8. g4 Nf4 9. Bf1 Be7 10. e3 Bxg5 11. exf4 Bxf4 12. b4 O-O 13. b5 Ne5 14. d4
Nd3+ 15. Bxd3 Bxc1 16. Nd2 Bxb2 17. Ra2 Bxc3 18. g5 Qxg5 19. Ra3 Qxd2+ 20.
Kf1 Qe1+ 21. Kg2 Bxd4 22. Kf3 Qxf2+ 23. Kg4 Qg2+ 24. Kf4 Qxh1 25. Be4 Qxh2+
26. Kf3 g5 27. Kg4 f6 28. Kf3 Qf4+ 29. Ke2 Qxe4+ 30. Kd2 g4 31. Kc1 Qe2 32.
Ra1 Bxa1 33. Kb1 Qb2# {White checkmated} 0-1

[Event "EDAMI"]
[Site "Internet Chess Club"]
[Date "2020.03.21"]
[Round "3"]
[White "chessmasternico"]
[Black "morgana1965"]
[Result "0-1"]
[ICCResult "White checkmated"]
[WhiteElo "1238"]
[BlackElo "1532"]
[Opening "Anti-Borg (Desprez) opening"]
[ECO "A00"]
[Time "13:40:10"]
[TimeControl "300+3"]

1. h4 e5 2. g3 d5 3. Bh3 Nc6 4. Bxc8 Rxc8 5. Nf3 Nf6 6. Nxe5 Nxe5 7. d4 Nc6
8. f4 Ne4 9. Bd2 Nxg3 10. Rh3 Nxd4 11. Rxg3 Qxh4 12. Be3 Nf5 13. Qd4 Nxd4
14. Bxd4 Qxg3+ 15. Kd1 Qxf4 16. e3 Qf3+ 17. Kc1 Qe2 18. Nd2 Qe1#
{White checkmated}
0-1

[Event "EDAMI"]
[Site "Internet Chess Club"]
[Date "2020.03.21"]
[Round "3"]
[White "ArnauGuasch"]
[Black "Hakrom"]
[Result "0-1"]
[ICCResult "White checkmated"]
[WhiteElo "1322"]
[BlackElo "1534"]
[Opening "Queen's pawn"]
[ECO "A40"]
[NIC "QO.17"]
[Time "13:39:54"]
[TimeControl "300+3"]

1. d4 c6 2. f3 d5 3. Nh3 Nf6 4. Ng5 h6 5. Nh3 Nbd7 6. Qd2 e5 7. dxe5 Nxe5 8.
Qe3 Qe7 9. f4 Nc4 10. Qf3 Ne4 11. Qg4 Bxg4 12. Nc3 Nxc3 13. Bd2 Ne4 14. Bb4
Qxb4+ 15. Kd1 Nxb2+ 16. Kc1 Nc4 17. Rb1 Qd2# {White checkmated} 0-1

[Event "EDAMI"]
[Site "Internet Chess Club"]
[Date "2020.03.21"]
[Round "3"]
[White "LucasCh"]
[Black "semaqui08"]
[Result "0-1"]
[ICCResult "White checkmated"]
[WhiteElo "1249"]
[BlackElo "1363"]
[Opening "Vienna game"]
[ECO "C28"]
[NIC "VG.02"]
[Time "13:40:00"]
[TimeControl "300+3"]

1. e4 e5 2. Bc4 Nf6 3. Nc3 Nc6 4. b4 Bxb4 5. Ba3 Bxa3 6. Nh3 O-O 7. Nb5 Bc5
8. Qc1 d6 9. Ng5 h6 10. c3 hxg5 11. Qc2 a6 12. d3 axb5 13. Bxb5 Bd7 14. Qe2
Ne7 15. Qe3 Bxe3 16. Bc4 Bb6 17. h4 gxh4 18. Ke2 Ng6 19. Rag1 Nf4+ 20. Kd2
Ng6 21. g3 hxg3 22. fxg3 Bxg1 23. Rxg1 b5 24. Bb3 c5 25. d4 c4 26. Bd1 Rxa2+
27. Kc1 Qa5 28. dxe5 Qxc3+ 29. Kb1 Qb2# {White checkmated} 0-1

[Event "EDAMI"]
[Site "Internet Chess Club"]
[Date "2020.03.21"]
[Round "3"]
[White "leonardogila"]
[Black "AdriaPro"]
[Result "0-1"]
[ICCResult "White checkmated"]
[WhiteElo "1396"]
[BlackElo "1590"]
[Opening "Scandinavian (center counter) defense"]
[ECO "B01"]
[NIC "VO.17"]
[Time "13:39:57"]
[TimeControl "300+3"]

1. e4 d5 2. Nc3 d4 3. Nce2 c5 4. Nf3 Nc6 5. d3 e5 6. Bg5 Be7 7. Bxe7 Ngxe7
8. Ng3 O-O 9. Be2 f5 10. Ng5 f4 11. Nf5 Nxf5 12. exf5 Qxg5 13. f3 Qxg2 14.
Rf1 Qxh2 15. Qd2 Qg3+ 16. Rf2 Bxf5 17. Bf1 Nb4 18. O-O-O Nxa2+ 19. Kb1 Be6
20. Qa5 Qxf2 21. Qc7 Nb4 22. Qxb7 Qxc2+ 23. Ka1 Qxd1# {White checkmated} 0-1

[Event "EDAMI"]
[Site "Internet Chess Club"]
[Date "2020.03.21"]
[Round "3"]
[White "joangarciataure"]
[Black "JORGEVALLES"]
[Result "0-1"]
[ICCResult "White forfeits on time"]
[WhiteElo "1164"]
[BlackElo "1063"]
[Opening "Réti opening"]
[ECO "A05"]
[NIC "QP.11"]
[Time "13:39:53"]
[TimeControl "300+3"]

1. Nf3 Nf6 2. e3 d5 3. Bd3 c6 4. Bf5 Bxf5 5. Ng5 e6 6. Nh3 Bd6 7. g3 Be4 8.
Rf1 O-O 9. Nf4 Bxf4 10. gxf4 Bg2 11. Rg1 Bh3 {White forfeits on time} 0-1

[Event "EDAMI"]
[Site "Internet Chess Club"]
[Date "2020.03.21"]
[Round "3"]
[White "xabi"]
[Black "FERNANDOA9"]
[Result "0-1"]
[ICCResult "White checkmated"]
[WhiteElo "1289"]
[BlackElo "1210"]
[Opening "Four knights game"]
[ECO "C47"]
[NIC "KP.06"]
[Time "13:39:47"]
[TimeControl "300+3"]

1. e4 e5 2. Nf3 Nc6 3. Nc3 Nf6 4. Bd3 Bc5 5. O-O O-O 6. Bc4 d6 7. a3 Bd7 8.
d3 Na5 9. Bg5 Nxc4 10. dxc4 Qe7 11. b4 Bd4 12. Bd2 Bxc3 13. Bxc3 Nxe4 14.
Qd3 Bf5 15. Qe3 Qe6 16. c5 dxc5 17. bxc5 Rfe8 18. Ng5 Qd5 19. Nxe4 Bxe4 20.
Rfd1 Qc4 21. Rac1 Rad8 22. Qg5 Rxd1+ 23. Rxd1 Qb5 24. Rd8 Qb1+ 25. Rd1 Qxd1+
26. Be1 Qxe1# {White checkmated} 0-1

[Event "EDAMI"]
[Site "Internet Chess Club"]
[Date "2020.03.21"]
[Round "3"]
[White "Alberto555"]
[Black "EDUARDOFLORES"]
[Result "1-0"]
[ICCResult "Black checkmated"]
[WhiteElo "1366"]
[BlackElo "1374"]
[Opening "Ponziani: Jaenisch counter-attack"]
[ECO "C44"]
[NIC "KP.05"]
[Time "13:39:57"]
[TimeControl "300+3"]

1. e4 e5 2. Nf3 Nc6 3. c3 Nf6 4. d3 d6 5. Be3 d5 6. Nbd2 dxe4 7. dxe4 Bg4 8.
Be2 Bd6 9. O-O O-O 10. c4 Nh5 11. c5 Be7 12. h3 Bxf3 13. Nxf3 Nb4 14. Nxe5
Bf6 15. Bxh5 Bxe5 16. a3 Qh4 17. axb4 Rad8 18. Qg4 Qf6 19. Bg5 Qc6 20. Bxd8
Rxd8 21. Qg5 Qxe4 22. Qxd8# {Black checkmated} 1-0

[Event "EDAMI"]
[Site "Internet Chess Club"]
[Date "2020.03.21"]
[Round "3"]
[White "pgranadap"]
[Black "David2020"]
[Result "1-0"]
[ICCResult "Black resigns"]
[WhiteElo "1383"]
[BlackElo "1217"]
[Opening "Sicilian"]
[ECO "B54"]
[NIC "SI.01"]
[Time "13:39:53"]
[TimeControl "300+3"]

1. e4 c5 2. Nf3 d6 3. d4 cxd4 4. Nxd4 Nc6 5. Nc3 a6 6. Be2 g6 7. O-O Bg7 8.
Be3 Nf6 9. Qd2 O-O 10. Kh1 Qc7 11. f4 b5 12. Bf3 Bb7 13. Nd5 Nxd5 14. exd5
Nxd4 15. Bxd4 Bxd4 16. Qxd4 Qxc2 17. Rac1 Qf5 18. Rc7 Rab8 19. Rxe7 Rfe8 20.
Be4 Qg4 21. Qf6 Rf8 22. f5 g5 23. Rf3 a5 24. h3 Qh4 25. Kh2 b4 26. Rg3 h6
27. Qxd6 Qf4 28. Qxh6 Rbe8 29. f6 {Black resigns} 1-0

[Event "EDAMI"]
[Site "Internet Chess Club"]
[Date "2020.03.21"]
[Round "3"]
[White "JorgeyLucia"]
[Black "Luar10"]
[Result "0-1"]
[ICCResult "White checkmated"]
[WhiteElo "1474"]
[BlackElo "1498"]
[Opening "Giuoco Pianissimo"]
[ECO "C55"]
[NIC "IG.01"]
[Time "13:43:11"]
[TimeControl "300+3"]

1. e4 e5 2. Nf3 Nc6 3. Bc4 Nf6 4. d3 Bc5 5. Bg5 d6 6. h3 O-O 7. Nc3 Be6 8.
Nd5 Bxd5 9. Bxd5 h6 10. Bh4 Nd4 11. Nxd4 Bxd4 12. c3 Bb6 13. O-O c6 14. Bb3
a5 15. a3 g5 16. Bg3 Re8 17. Kh1 d5 18. exd5 cxd5 19. h4 e4 20. hxg5 hxg5
21. dxe4 dxe4 22. Qxd8 Raxd8 23. f4 Kg7 24. fxg5 Rh8+ 25. Bh2 Ng4 26. Rxf7+
Kg6 27. Rxb7 Rxh2# {White checkmated} 0-1

[Event "EDAMI"]
[Site "Internet Chess Club"]
[Date "2020.03.21"]
[Round "3"]
[White "Mark888"]
[Black "raxali"]
[Result "1-0"]
[ICCResult "Black checkmated"]
[WhiteElo "1269"]
[BlackElo "1216"]
[Opening "Van't Kruijs opening"]
[ECO "A00"]
[Time "13:39:50"]
[TimeControl "300+3"]

1. e3 e5 2. Qh5 g6 3. Qxe5+ Be7 4. Qxh8 Kf8 5. Bc4 Bg5 6. Nf3 Bh6 7. Ne5 Bg7
8. Qxg7+ Kxg7 9. Bxf7 d6 10. Bxg8 Kxg8 11. O-O dxe5 12. b3 Be6 13. Nc3 Bf5
14. e4 Be6 15. Ba3 Qg5 16. Nb5 a6 17. Nxc7 Ra7 18. Nxe6 Qxd2 19. Rfd1 Qxc2
20. Rdc1 Qxb3 21. Rc8+ Kf7 22. Rf8+ Kxe6 23. Rxb8 Qb6 24. h3 h5 25. Rc8 g5
26. Bc5 Qa5 27. Bxa7 Qc3 28. Rxc3 Kf7 29. Rb1 Ke7 30. Rb6 Kd7 31. Bb8 Ke7
32. Rc7+ Kd8 33. Rh6 b6 34. Rh8# {Black checkmated} 1-0

[Event "EDAMI"]
[Site "Internet Chess Club"]
[Date "2020.03.21"]
[Round "3"]
[White "ramonramon2006"]
[Black "AnithingElse"]
[Result "1-0"]
[ICCResult "Black resigns"]
[WhiteElo "1256"]
[BlackElo "1391"]
[Opening "English opening"]
[ECO "E67"]
[NIC "EO.64"]
[Time "13:40:36"]
[TimeControl "300+3"]

1. c4 Nf6 2. Nf3 g6 3. g3 Bg7 4. Bg2 d6 5. O-O Nbd7 6. d4 O-O 7. Nc3 c5 8.
d5 Nb6 9. b3 Nfxd5 10. Bd2 Nxc3 11. Bxc3 Bxc3 12. Rc1 Bg7 13. Re1 Bd7 14.
Nd2 Bc6 15. Bxc6 bxc6 16. Nf3 Qd7 17. Kg2 Rad8 18. Qc2 f5 19. e4 e6 20. exf5
exf5 21. Ng5 Rfe8 22. Rxe8+ Rxe8 23. Rd1 Qe7 24. Nf3 Qe4 25. Qd2 Nc8 26. Re1
Kf7 27. Rxe4 Rxe4 28. Ng5+ Kg8 29. Nxe4 fxe4 30. Qf4 d5 31. Qb8 Kf7
{Black resigns}
1-0

[Event "EDAMI"]
[Site "Internet Chess Club"]
[Date "2020.03.21"]
[Round "3"]
[White "liveisgood"]
[Black "Arriazu96"]
[Result "0-1"]
[ICCResult "White forfeits on time"]
[WhiteElo "1196"]
[BlackElo "1166"]
[Opening "Queen's pawn game, Darooha variation "]
[ECO "D02"]
[NIC "QP.06"]
[Time "13:39:50"]
[TimeControl "300+3"]

1. d4 Nf6 2. Nf3 d5 3. Nc3 e6 4. Bg5 c5 5. e3 Nc6 6. Bb5 Bd7 7. O-O Be7 8.
Bxf6 Bxf6 9. Ne5 Nxe5 10. dxe5 Bxe5 11. Ne4 dxe4 12. Qxd7+ Qxd7 13. Bxd7+
Kxd7 14. Rfd1+ Ke7 15. Rd2 Bxb2 16. Rb1 Be5 17. Rxb7+ Kf6 18. Rd1 Rhd8 19.
Rdb1 a6 20. f4 Bc3 21. R1b3 Rd1+ 22. Kf2 Rd2+ 23. Kf1 Rxc2 24. a4 Rd8
{White forfeits on time}
0-1

[Event "EDAMI"]
[Site "Internet Chess Club"]
[Date "2020.03.21"]
[Round "3"]
[White "Aguachirri93"]
[Black "JulioSainz"]
[Result "1-0"]
[ICCResult "Black forfeits on time"]
[WhiteElo "1364"]
[BlackElo "1157"]
[Opening "Ruy Lopez: Berlin defense, Beverwijk variation"]
[ECO "C64"]
[NIC "RL.01"]
[Time "13:42:04"]
[TimeControl "300+3"]

1. e4 e5 2. Nf3 Nc6 3. Bb5 Bc5 4. O-O Nf6 5. d3 O-O 6. Bg5 Qe8 7. Nc3 h6 8.
Bc1 d6 9. b4 Bxb4 10. Na4 Ng4 11. a3 Ba5 12. Qe2 Bd7 13. Bb2 Nd4 14. Bxd4
exd4 15. Nxd4 Nxh2 16. Kxh2 Be1 17. Qxe1 Qe5+ 18. Kg1 a6 19. Bc4 Bxa4 20.
Nf3 Qf4 21. Bd5 Rfe8 22. Rb1 Re5 23. g3 Qg4 24. Bxf7+ Kxf7 25. Rxb7
{Black forfeits on time}
1-0

[Event "EDAMI"]
[Site "Internet Chess Club"]
[Date "2020.03.21"]
[Round "3"]
[White "JotaAlvarez"]
[Black "Umbra"]
[Result "0-1"]
[ICCResult "White checkmated"]
[WhiteElo "1262"]
[BlackElo "1490"]
[Opening "Philidor's defense"]
[ECO "C41"]
[NIC "KP.10"]
[Time "13:41:58"]
[TimeControl "300+3"]

1. e4 e5 2. Nf3 d6 3. Bc4 Nc6 4. d4 exd4 5. Nxd4 Be7 6. Nc3 Nf6 7. Bg5 O-O
8. Qd2 h6 9. Bxf6 Nxd4 10. Bxd4 c5 11. Be3 Kh8 12. Nd5 f5 13. exf5 Bxf5 14.
O-O-O b5 15. Bxb5 Bf6 16. Nxf6 Rxf6 17. Bc6 Rb8 18. Qc3 Qb6 19. Bd5 Qa6 20.
Bc4 Qa4 21. Bb3 Qb5 22. Qc4 Qb7 23. f3 a5 24. Bf2 a4 25. Qxa4 d5 26. Bxc5
Ra6 27. Qd4 Rc8 28. Qxd5 Rac6 29. Qxf5 Rxc5 30. Rd8+ Rxd8 31. Qxc5 Qd7 32.
Qc4 Qd2+ 33. Kb1 Qd1+ 34. Rxd1 Rxd1# {White checkmated} 0-1

[Event "EDAMI"]
[Site "Internet Chess Club"]
[Date "2020.03.21"]
[Round "3"]
[White "Juanmaromero"]
[Black "Mateuchess"]
[Result "0-1"]
[ICCResult "White forfeits on time"]
[WhiteElo "1226"]
[BlackElo "1440"]
[Opening "Sicilian: dragon variation"]
[ECO "B70"]
[NIC "SI.15"]
[Time "13:39:49"]
[TimeControl "300+3"]

1. e4 c5 2. Nf3 d6 3. Nc3 Nf6 4. d4 cxd4 5. Nxd4 g6 6. Bb5+ Bd7 7. O-O Bg7
8. Bg5 O-O 9. Bc4 Nc6 10. Qd2 Ne5 11. b3 Nxc4 12. bxc4 Rc8 13. Qd3 Qa5 14.
Rae1 Qxg5 15. e5 dxe5 16. Nf3 Qg4 17. Nxe5 Qg5 18. Nxd7 Nxd7 19. Qxd7 Bxc3
20. Rxe7 Bf6 21. Rxf7 Rxf7 22. Qxc8+ Kg7 23. g3 Qd2 24. Rb1 Bd4 25. Kg2
Qxf2+ 26. Kh3 Qf5+ 27. Qxf5 Rxf5 28. Rd1 Bb6 29. Rd7+ Rf7 30. Rd5 Rc7 31. a4
Rxc4 32. a5 Be3 33. Rd7+ Kh6 34. Rxb7 Rxc2 35. Re7 Bd4 36. a6 Bb6 37. Kh4
Rc4+ 38. g4 g5+ 39. Kg3 Rc3+ 40. Kg2 Rc2+ 41. Kh1 Rc1+ 42. Kg2 Rg1+ 43. Kh3
Rf1 {White forfeits on time} 0-1

[Event "EDAMI"]
[Site "Internet Chess Club"]
[Date "2020.03.21"]
[Round "3"]
[White "Alexelnub"]
[Black "lucasmore"]
[Result "1-0"]
[ICCResult "Black forfeits on time"]
[WhiteElo "1064"]
[BlackElo "1141"]
[Opening "Queen's pawn game"]
[ECO "D00"]
[NIC "QP.08"]
[Time "13:43:01"]
[TimeControl "300+3"]

1. d4 d5 2. e3 c6 3. c3 e6 4. b3 g5 5. c4 f6 6. cxd5 exd5 7. Qh5+ Ke7 8. Qd1
Qa5+ 9. Bd2 Qd8 10. Ba5 b6 11. Bd2 Nh6 12. Bb4+ Ke8 13. Be2 Bxb4+ 14. Nd2
Bxd2+ 15. Qxd2 Nf5 16. Bg4 Nh6 17. Bxc8 Qxc8 18. g3 Na6 19. h4 gxh4 20. gxh4
Rg8 21. b4 Qg4 22. f3 Qg3+ 23. Ke2 Qg2+ 24. Kd1 Qxh1 25. Kc2 Qxg1 26. Rxg1
Rxg1 27. Qf2 {Black forfeits on time} 1-0

[Event "EDAMI"]
[Site "Internet Chess Club"]
[Date "2020.03.21"]
[Round "3"]
[White "BielPipo"]
[Black "tomasgarrido"]
[Result "1-0"]
[ICCResult "Black checkmated"]
[WhiteElo "1037"]
[BlackElo "1298"]
[Opening "Philidor's defense"]
[ECO "C41"]
[NIC "KP.10"]
[Time "13:39:51"]
[TimeControl "300+3"]

1. e4 e5 2. Nf3 d6 3. Nc3 Nc6 4. Bc4 Nf6 5. g3 Be6 6. Bxe6 fxe6 7. b3 Nd4 8.
Nb5 Nxb5 9. c4 d5 10. cxb5 Nxe4 11. Nxe5 Bc5 12. Bb2 Nxf2 13. Qf3 Nxh1 14.
Qxh1 Qf6 15. O-O-O Ba3 16. Bxa3 Qxe5 17. Re1 Qa1+ 18. Kc2 Qxa2+ 19. Bb2
O-O-O 20. Ra1 Qxa1 21. Bxa1 Rhf8 22. Bxg7 Rf7 23. Bd4 a6 24. bxa6 bxa6 25.
Qe1 Rd6 26. Be5 Rc6+ 27. Kb2 a5 28. Bc3 a4 29. bxa4 Rb6+ 30. Kc2 Ra6 31. Kb3
Rb6+ 32. Ka3 Rd7 33. Bb4 c6 34. Qg1 c5 35. Bxc5 Rc6 36. a5 Rdc7 37. Kb4 Rb7+
38. Ka4 Rbc7 39. d4 e5 40. Qf1 exd4 41. Qf8+ Kd7 42. Qf5+ Kd8 43. Qxd5+ Kc8
44. Bd6 Kd7 45. Bxc7+ Kxc7 46. Qf7+ Kd6 47. Qxh7 Rc4+ 48. Kb3 Rc3+ 49. Kb2
Kc5 50. Qe7+ Kc4 51. Qc7+ Kd3 52. Qf4 Rc2+ 53. Kb3 Rc3+ 54. Kb4 Rc4+ 55. Kb5
Kc3 56. Qf3+ Kb2 57. Qd3 Rc3 58. Qxd4 Kc2 59. a6 Kb2 60. a7 Kb3 61. a8=Q Rd3
62. Qxd3+ Kb2 63. Qaa3# {Black checkmated} 1-0

[Event "EDAMI"]
[Site "Internet Chess Club"]
[Date "2020.03.21"]
[Round "4"]
[White "Poleras123"]
[Black "pgranadap"]
[Result "0-1"]
[ICCResult "White checkmated"]
[WhiteElo "1305"]
[BlackElo "1430"]
[Opening "Petrov's defense"]
[ECO "C42"]
[NIC "RG.03"]
[Time "13:56:45"]
[TimeControl "300+3"]

1. e4 e5 2. Nf3 Nf6 3. Nxe5 d6 4. Nf3 Nxe4 5. Bd3 Nf6 6. O-O Be7 7. Nc3 O-O
8. Bc4 d5 9. Bb5 c6 10. Bd3 Nbd7 11. Bf5 Nc5 12. d3 Bxf5 13. Be3 Bg4 14. Qd2
Bxf3 15. Bxc5 Bxc5 16. d4 Ne4 17. Nxe4 Bxe4 18. c3 Bd6 19. Rfe1 Re8 20. Re3
Qg5 21. Rae1 Bf4 22. R1e2 Qxg2# {White checkmated} 0-1

[Event "EDAMI"]
[Site "Internet Chess Club"]
[Date "2020.03.21"]
[Round "4"]
[White "EDUARDOFLORES"]
[Black "JORGEVALLES"]
[Result "1/2-1/2"]
[ICCResult "Game drawn by mutual agreement"]
[WhiteElo "1323"]
[BlackElo "1074"]
[Opening "Latvian counter-gambit"]
[ECO "C40"]
[NIC "KP.09"]
[Time "13:56:43"]
[TimeControl "300+3"]

1. e4 e5 2. Nf3 f5 3. Nc3 fxe4 4. Nxe5 Qh4 5. g3 Qh5 6. Qxh5+ g6 7. Qe2 b6
8. Qxe4 c6 9. Nxc6+ Kf7 10. Nxb8 Rxb8 11. Qd5+ Kf6 12. Qd4+ Kf7 13. Qxh8 Bg7
14. Bc4+ Kf8 15. Qxg8+ Ke7 16. Qxg7+ Ke8 17. Qe5+ Kd8 18. Qxb8 Ke7
{Game drawn by mutual agreement}
1/2-1/2

[Event "EDAMI"]
[Site "Internet Chess Club"]
[Date "2020.03.21"]
[Round "4"]
[White "Umbra"]
[Black "semaqui08"]
[Result "1-0"]
[ICCResult "Black checkmated"]
[WhiteElo "1499"]
[BlackElo "1326"]
[Opening "Petrov three knights game"]
[ECO "C42"]
[NIC "RG.01"]
[Time "13:56:40"]
[TimeControl "300+3"]

1. e4 e5 2. Nf3 Nf6 3. Nc3 Bb4 4. Bc4 Nc6 5. d3 O-O 6. O-O d6 7. h3 h6 8.
Kh1 Be6 9. Bb3 Bxb3 10. axb3 a6 11. Nh2 Qd7 12. f4 Bxc3 13. bxc3 Nh7 14. f5
Qe7 15. Qh5 Nf6 16. Qf3 Rad8 17. Ng4 Nxg4 18. Qxg4 d5 19. f6 Qxf6 20. Rxf6
Rd6 21. Bxh6 g6 22. Rxd6 cxd6 23. Bxf8 Kxf8 24. Rf1 Ke7 25. Qg5+ Kd7 26.
Rxf7+ Kc8 27. Qxg6 Kb8 28. Qxd6+ Ka8 29. Qc7 Na5 30. Qxa5 d4 31. Qc7 Ka7 32.
Qxb7# {Black checkmated} 1-0

[Event "EDAMI"]
[Site "Internet Chess Club"]
[Date "2020.03.21"]
[Round "4"]
[White "AlbertFernandez"]
[Black "Luar10"]
[Result "1-0"]
[ICCResult "Black resigns"]
[WhiteElo "1599"]
[BlackElo "1462"]
[Opening "Ponziani: Jaenisch counter-attack"]
[ECO "C44"]
[NIC "KP.05"]
[Time "13:56:45"]
[TimeControl "300+3"]

1. e4 e5 2. Nf3 Nc6 3. c3 Nf6 4. d4 exd4 5. e5 Nd5 6. Bb5 a6 7. Ba4 b5 8.
Bb3 Nb6 9. cxd4 Bb4+ 10. Nc3 Nd5 11. Bxd5 O-O 12. Bxc6 dxc6 13. O-O Bxc3 14.
bxc3 Bg4 15. h3 Bxf3 16. Qxf3 Qd5 17. Qxd5 cxd5 18. Ba3 Rfc8 19. Bc5 Rab8
20. Rab1 Re8 21. Rb2 Re6 22. Rfb1 c6 23. a4 f6 24. exf6 Rxf6 25. axb5 a5 26.
bxc6 Rxb2 27. Rxb2 Rxc6 28. Rb8+ Kf7 29. Ra8 Ke6 30. Rxa5 Kf5 31. g4+ Ke4
32. Kg2 Kd3 33. Bb4 Kc4 34. Rc5+ Rxc5 35. dxc5 Kb5 36. Kf3 Kc6 37. Kf4 h6
38. Ke5 g5 39. f4 gxf4 40. Kxf4 Kd7 {Black resigns} 1-0

[Event "EDAMI"]
[Site "Internet Chess Club"]
[Date "2020.03.21"]
[Round "4"]
[White "Juanmaromero"]
[Black "LucasCh"]
[Result "0-1"]
[ICCResult "White resigns"]
[WhiteElo "1193"]
[BlackElo "1292"]
[Opening "Petrov three knights game"]
[ECO "C42"]
[NIC "RG.01"]
[Time "13:56:48"]
[TimeControl "300+3"]

1. e4 e5 2. Nf3 Nf6 3. Nc3 Bc5 4. d4 exd4 5. Nxd4 Bxd4 6. Qxd4 Ng4 7. Be2
Nf6 8. O-O O-O 9. e5 Nh5 10. Qg4 g6 11. Bh6 d6 12. Bxf8 Bxg4 13. Bxg4 Kxf8
14. Rae1 Nf4 {White resigns} 0-1

[Event "EDAMI"]
[Site "Internet Chess Club"]
[Date "2020.03.21"]
[Round "4"]
[White "morgana1965"]
[Black "leonardogila"]
[Result "1-0"]
[ICCResult "Black checkmated"]
[WhiteElo "1558"]
[BlackElo "1360"]
[Opening "English opening"]
[ECO "A20"]
[NIC "EO.24"]
[Time "13:56:44"]
[TimeControl "300+3"]

1. c4 e5 2. g3 Bc5 3. Bg2 Nc6 4. Nc3 d6 5. Nf3 Bf5 6. b3 Nf6 7. e3 e4 8. Nh4
Bg4 9. Qc2 O-O 10. Nxe4 Bf5 11. Nxf5 Nb4 12. Qc3 Qe8 13. Nxf6+ gxf6 14. Qxf6
Nc2+ 15. Kf1 Nxa1 16. Nh6# {Black checkmated} 1-0

[Event "EDAMI"]
[Site "Internet Chess Club"]
[Date "2020.03.21"]
[Round "4"]
[White "Mateuchess"]
[Black "BielPipo"]
[Result "1-0"]
[ICCResult "Black checkmated"]
[WhiteElo "1440"]
[BlackElo "1037"]
[Opening "Two knights defense (Modern bishop's opening)"]
[ECO "C55"]
[NIC "IG.01"]
[Time "13:56:42"]
[TimeControl "300+3"]

1. e4 e5 2. Nf3 Nc6 3. Bc4 Nf6 4. d3 a6 5. Nc3 b5 6. Bb3 g6 7. Bg5 Be7 8.
O-O h6 9. Bh4 g5 10. Bg3 h5 11. Nxe5 Nxe5 12. Bxe5 d6 13. Bxf6 Bxf6 14. Bd5
Bxc3 15. Bxa8 Be5 16. Bc6+ Bd7 17. Bxd7+ Qxd7 18. c3 b4 19. Rc1 bxc3 20.
bxc3 Qc6 21. Rb1 Bxc3 22. Rb8+ Ke7 23. Rxh8 Kf6 24. Rxh5 Bd4 25. Qg4 Ke7 26.
Qxg5+ Kd7 27. Rh7 Kc8 28. Rxf7 Kb7 29. Rb1+ Ka7 30. Qd8 Qc5 31. Qb8#
{Black checkmated}
1-0

[Event "EDAMI"]
[Site "Internet Chess Club"]
[Date "2020.03.21"]
[Round "4"]
[White "Eodun2"]
[Black "gatuski"]
[Result "0-1"]
[ICCResult "White resigns"]
[WhiteElo "1202"]
[BlackElo "1456"]
[Opening "Sicilian: dragon variation"]
[ECO "B70"]
[NIC "SI.15"]
[Time "13:58:05"]
[TimeControl "300+3"]

1. e4 c5 2. Nc3 d6 3. Nf3 Nf6 4. d4 cxd4 5. Nxd4 g6 6. Bb5+ Bd7 7. O-O Bg7
8. Bf4 e5 9. Bg3 exd4 10. Qxd4 O-O 11. Bc4 Nc6 12. Qxd6 Re8 13. Rad1 Nxe4
14. Nxe4 Rxe4 15. Qd5 Qe7 16. Rfe1 Rxe1+ 17. Rxe1 Qxe1+ 18. Bf1 Rd8 19. f4
Qe3+ 20. Kh1 Bxb2 21. Qf3 Qxf3 22. gxf3 Be6 {White resigns} 0-1

[Event "EDAMI"]
[Site "Internet Chess Club"]
[Date "2020.03.21"]
[Round "4"]
[White "AnithingElse"]
[Black "Alberto555"]
[Result "1-0"]
[ICCResult "Black checkmated"]
[WhiteElo "1431"]
[BlackElo "1326"]
[Opening "Philidor: Hanham, Schlechter variation"]
[ECO "C41"]
[NIC "KP.08"]
[Time "13:57:14"]
[TimeControl "300+3"]

1. e4 e5 2. Nf3 d6 3. d4 Nd7 4. Bc4 c6 5. Nc3 b5 6. Bb3 Be7 7. O-O Ngf6 8.
dxe5 dxe5 9. Ng5 O-O 10. f4 a5 11. a4 Ba6 12. fxe5 Nxe5 13. Bf4 Bd6 14. axb5
cxb5 15. Bxe5 Bxe5 16. Qxd8 Raxd8 17. Rxa5 Ra8 18. Nxb5 Bxb5 19. Rxb5 Bxb2
20. e5 Ng4 21. Bxf7+ Kh8 22. Rxb2 Nxe5 23. Bd5 Rxf1+ 24. Kxf1 Ra1+ 25. Ke2
Ra5 26. Rb8# {Black checkmated} 1-0

[Event "EDAMI"]
[Site "Internet Chess Club"]
[Date "2020.03.21"]
[Round "4"]
[White "xabi"]
[Black "Alexelnub"]
[Result "1-0"]
[ICCResult "Black checkmated"]
[WhiteElo "1310"]
[BlackElo "1051"]
[Opening "Petrov: Italian variation"]
[ECO "C42"]
[NIC "RG.01"]
[Time "13:56:43"]
[TimeControl "300+3"]

1. e4 e5 2. Nf3 Nf6 3. Bc4 Nxe4 4. d3 Nc5 5. Nxe5 d6 6. Nf3 Ncd7 7. Qe2+ Be7
8. O-O O-O 9. Re1 Nf6 10. Qxe7 Qxe7 11. Rxe7 Nh5 12. Rxc7 Nf4 13. Bxf4 h6
14. Bxd6 Nd7 15. Bxf8 Nxf8 16. Rxf7 Bd7 17. Rxd7+ Kh8 18. Rxb7 Ng6 19. Bd5
Ne5 20. Re7 Rb8 21. Nxe5 Rd8 22. Nc3 Rd6 23. Nf7+ Kh7 24. Nxd6 a5 25. Be4+
Kg8 26. Re8# {Black checkmated} 1-0